 Dungeon Crawl Stone Soup version 0.19-a0-944-gb338e1e (webtiles) character file.

42744 retryentry the Fencer (level 13, 0/116 HPs)
             Began as a Demigod Fighter on July 8, 2016.
             Slain by retryentry's ghost (7 damage)
             ... on level 14 of the Dungeon.
             The game lasted 00:58:13 (24402 turns).

retryentry the Fencer (Demigod Fighter)            Turns: 24402, Time: 00:58:14

Health: 0/116      AC: 27    Str: 19    XL:     13   Next: 50%
Magic:  19/19      EV: 10    Int: 12    God:
Gold:   323        SH:  2    Dex: 23    Spells: 1 memorised, 11 levels left

rFire  + . .     SeeInvis .     i - +1 great sword (curse)
rCold  + . .     Gourm    .     N - +2 plate armour {rC+}
rNeg   + + .     Faith    .     (shield currently unavailable)
rPois  +         Spirit   .     H - +2 helmet of Wuoty {rN+}
rElec  +         Dismiss  .     B - +2 cloak
rCorr  .         Reflect  .     o - +1 pair of gloves
SustAt +         Harm     .     (no boots)
MR     +....                    Z - amulet of the Priest {rPois rF+ Regen+}
Stlth  ..........               u - ring of stealth
                                r - ring of positive energy

@: somewhat resistant to hostile enchantments, extremely unstealthy
A: large bone plates 1, high mp 1, electricity resistance, wild magic 1, sustain
attributes, MP-powered wands
a: no special abilities


You were on level 14 of the Dungeon.
You were not hungry.

You visited 3 branches of the dungeon, and saw 17 of its levels.

You collected 1359 gold pieces.
You spent 1036 gold pieces at shops.

Inventory:

Hand Weapons
 i - a cursed +1 great sword (weapon)
 A - a +1 dagger of venom
 D - a +3 scimitar
 U - a +2 great sword of holy wrath
Missiles
 a - 2 silver tomahawks
 j - 47 tomahawks
 w - a throwing net (quivered)
 W - 6 javelins
Armour
 c - a +0 shield
 o - a +1 pair of gloves (worn)
 B - a +2 cloak (worn)
 H - the +2 helmet of Wuoty (worn) {rN+}
   (You found it on level 6 of the Dungeon)

   It protects you from negative energy.
 N - a +2 plate armour of cold resistance (worn)
Rods
 y - a +0 rod of ignition (13/13)
   (You found it on level 5 of the Dungeon)
Jewellery
 e - an uncursed ring of fire
 r - a ring of positive energy (left hand)
 u - a ring of stealth (right hand)
 x - a +4 ring of strength {unknown}
 F - an uncursed ring of flight
 Z - the amulet of the Priest (around neck) {rPois rF+ Regen+}
   (You bought it in a shop on level 2 of the Orcish Mines)

   [amulet of regeneration]

   It protects you from fire.
   It protects you from poison.
   It increases your rate of regeneration.
Wands
 t - a wand of iceblast (7/15)
 z - a wand of teleportation (1/9)
 X - a wand of slowing (32/48)
Scrolls
 k - 7 scrolls of teleportation
 n - 2 scrolls of fear {unknown}
 p - 3 scrolls of immolation {unknown}
 q - a scroll of fog
 J - 6 scrolls of noise {unknown}
 K - a scroll of enchant weapon {unknown}
 P - a scroll of brand weapon {unknown}
 R - 2 scrolls of magic mapping
 S - a scroll of summoning {unknown}
 V - a scroll of enchant armour
 Y - a scroll of vulnerability {unknown}
Potions
 b - 4 potions of agility
 d - 3 potions of might
 g - 2 potions of flight
 l - 2 potions of mutation {unknown}
 s - 3 potions of brilliance
 v - a potion of heal wounds
 C - a potion of resistance
 G - 5 potions of curing
 L - 2 potions of berserk rage
 O - a potion of magic {unknown}
 Q - a potion of cure mutation
 T - a potion of haste
Books
 M - an Akashic Record

   Spells                             Type                      Level
   a - Dispersal                      Translocation                6
   b - Malign Gateway                 Summoning/Translocation      7
   c - Disjunction                    Translocation                8
   d - Controlled Blink               Translocation                8
Comestibles
 f - 12 bread rations
 h - 10 meat rations
 m - 19 fruits
 E - 8 royal jellies
 I - 2 slices of pizza


   Skills:
 + Level 11.4 Fighting
 * Level 15.4 Long Blades
 * Level 9.1 Armour
 * Level 6.0 Dodging
 - Level 2.6 Shields
 - Level 3.3 Evocations


You had 11 spell levels left.
You knew the following spells:

 Your Spells              Type           Power        Failure   Level  Hunger
a - Apportation           Tloc           #.........   100%        1    ##.....


Dungeon Overview and Level Annotations

Branches:
Dungeon (14/15)            Temple (0/1) D:6            Lair (1/6) D:9
    Orc (2/2) D:10            Elf (0/3) Orc:2        Vaults (0/5) D:13

Shops:
D:8 [   D:13 *[*   Orc:2 =[(*

Annotations:
D:14 retryentry's ghost, journeyman DgFi
Lair:1 exclusion: oklob plant


Innate Abilities, Weirdness & Mutations

You have an increased reservoir of magic. (+10% MP)
Your attributes are resistant to harm.
You are partially covered in large bone plates. (AC +2, SH +2)
You are resistant to electric shocks. (rElec)
Your spells are a little harder to cast, but a little more powerful.
You expend magic power (3 MP) to strengthen your wands.


Message History

You hit retryentry's ghost but do no damage.
Retryentry's ghost is almost destroyed.
Retryentry's ghost hits you but does no damage.
You miss retryentry's ghost.
Retryentry's ghost is almost destroyed.
You hit retryentry's ghost.
Retryentry's ghost is almost destroyed.
Retryentry's ghost hits you!!
* * * LOW HITPOINT WARNING * * *
Retryentry's ghost burns you.
* * * LOW HITPOINT WARNING * * *
Retryentry's ghost hits you!
* * * LOW HITPOINT WARNING * * *
Retryentry's ghost burns you.
* * * LOW HITPOINT WARNING * * *
Retryentry's ghost hits you.
* * * LOW HITPOINT WARNING * * *
There is a stone staircase leading up here.
Retryentry's ghost hits you!
You die...

.# ##(##.............# ###..#
..#####..(#.............#
##..###
8.......8.)(............###..##
..#####...##............#..###
.## ##.###..##.....<...### .#
##.# #..#######...## ..# #..#
##..# ###..### #...###.##
#..###..### #.....#
#...@W<.#### ##...###
##.........## ###...###
#..........##
###...###...........#
##...#............##
###...............#
##..............#
##.............#
#.............#


You could see retryentry's ghost.

Vanquished Creatures
  Gastronok (D:9)
  Maud (D:10)
  An orc warlord (Orc:2)
  A stone giant (Orc:1)
  Nessos (D:13)
  A deep elf demonologist (Orc:2)
  Josephine (D:11)
  A ghost crab (Orc:1)
  A centaur warrior (D:14)
  An orc high priest (Orc:2)
  Sonja (D:12)
  2 unseen horrors (D:12)
  The ghost of tstbtto the Carver, a novice HEFi of Okawaru (D:8)
  3 hill giants
  Pikel (D:5)
  3 orc knights
  A deep elf mage (D:13)
  A shining eye (shapeshifter) (D:13)
  2 ugly things
  8 orc sorcerers
  A griffon (D:13)
  3 cyclopes
  Maurice (D:8)
  5 centaur zombies
  3 gargoyles
  A centaur skeleton (D:13)
  The ghost of tstbtto the Carver, a novice HEFi of Cheibriados (D:5)
  2 komodo dragons
  6 trolls
  A meliai (shapeshifter) (D:13)
  A queen bee (D:9)
  2 slime creatures (D:13)
  3 two-headed ogres
  5 wraiths
  13 yaks
  Sigmund (D:2)
  2 hungry ghosts
  A steam dragon (D:10)
  2 hippogriffs
  6 wargs (Orc:2)
  A water moccasin (D:8)
  A soldier ant (D:13)
  Duvessa (D:5)
  A black bear (shapeshifter) (D:13)
  2 sky beasts
  38 orc warriors
  2 ice beasts
  A black bear (D:13)
  11 ogres
  5 phantoms
  A crocodile (D:7)
  The ghost of tstbtto the Slasher, an amateur HEFi (D:3)
  5 centaurs
  3 big kobolds
  5 giant frogs
  Dowan (D:5)
  4 scorpions
  20 killer bees
  4 wights (D:6)
  3 howler monkeys
  10 crimson imps
  A giant frog zombie (D:9)
  A quasit (D:8)
  6 hounds
  2 jellies
  23 orc priests
  32 orc wizards
  2 giant frog skeletons (D:5)
  3 iguanas
  8 worker ants
  A hound skeleton (D:9)
  2 hound zombies
  10 gnolls
  14 adders
  4 shadow imps
  3 oozes
  An adder zombie (D:5)
  A dart slug (D:1)
  8 giant geckos
  107 orcs
  4 giant cockroaches
  6 goblins
  7 hobgoblins
  5 jackals
  20 kobolds
  6 quokkas
  8 bats
  A giant cockroach zombie (D:5)
  2 giant newts
  A quokka skeleton (D:5)
  A quokka zombie (D:5)
  9 rats
  A plant (D:9)
513 creatures vanquished.

Vanquished Creatures (others)
  2 slaves (D:5)
  A scorpion (D:5)
  A hound (D:5)
  A jelly (D:5)
  A giant gecko (D:5)
  2 quokkas
  13 fungi (Orc:2)
21 creatures vanquished.

Grand Total: 534 creatures vanquished

Notes
Turn   | Place    | Note
-------+----------+-------------------------------------------
     0 | D:1      | retryentry the Demigod Fighter began the quest for the Orb.
     0 | D:1      | Reached XP level 1. HP: 18/18 MP: 3/3
    90 | D:1      | Reached skill level 2 in Long Blades
   137 | D:1      | Reached XP level 2. HP: 25/26 MP: 4/4
   559 | D:2      | Found a shattered altar of Ashenzari.
  1007 | D:2      | Reached XP level 3. HP: 31/31 MP: 5/5
  1023 | D:2      | Found a basalt altar of Yredelemnul.
  1060 | D:2      | You fall through a shaft for 2 floors!
  1314 | D:4      | Noticed an ogre
  1468 | D:3      | Noticed tstbtto's ghost (amateur HEFi)
  1991 | D:2      | Noticed Sigmund
  2027 | D:2      | Killed Sigmund
  2027 | D:2      | Reached skill level 3 in Long Blades
  2027 | D:2      | Reached XP level 4. HP: 16/41 MP: 6/6
  2027 | D:2      | Reached XP level 5. HP: 19/47 MP: 7/7
  2423 | D:3      | Reached skill level 4 in Long Blades
  2507 | D:3      | Found a faded altar of an unknown god.
  2570 | D:3      | Reached skill level 5 in Fighting
  2605 | D:3      | Reached XP level 6. HP: 43/56 MP: 8/8
  2779 | D:3      | Found a hazy altar of Hepliaklqana.
  3633 | D:3      | Found an oddly glowing altar of Pakellas.
  3633 | D:3      | Noticed a seven-headed hydra
  4581 | D:5      | Entered Level 5 of the Dungeon
  4584 | D:5      | Noticed tstbtto's ghost (novice HEFi)
  4932 | D:5      | Noticed Dowan
  5088 | D:3      | Killed tstbtto's ghost
  5088 | D:3      | Reached skill level 5 in Long Blades
  5318 | D:5      | Noticed Duvessa
  5360 | D:5      | Killed Duvessa
  5360 | D:5      | Reached XP level 7. HP: 35/63 MP: 9/9
  5367 | D:5      | Killed Dowan
  6225 | D:5      | Noticed Pikel
  6254 | D:5      | Killed Pikel
  6254 | D:5      | Reached skill level 6 in Long Blades
  6254 | D:5      | Reached XP level 8. HP: 50/73 MP: 10/10
  6416 | D:5      | Found a snail-covered altar of Cheibriados.
  6438 | D:5      | Identified a +0 rod of ignition (13/13) (You found it on level 5 of the Dungeon)
  6458 | D:5      | Got a faintly humming plate armour
  6469 | D:5      | Identified the +5 plate armour of Intuition {+Blink rC- Dex+3} (You found it on level 5 of the Dungeon)
  6893 | D:5      | Reached skill level 7 in Long Blades
  7080 | D:5      | Killed tstbtto's ghost
  7080 | D:5      | Reached skill level 1 in Evocations
  8198 | D:6      | Found a staircase to the Ecumenical Temple.
  8339 | D:6      | Got an ichor-stained helmet
  8347 | D:6      | Identified the +2 helmet of Wuoty {rN+} (You found it on level 6 of the Dungeon)
  8494 | D:6      | Got a steaming whip
  8495 | D:6      | Identified the +9 whip "Killer Klown's Doom" {speed, rC- MR+ Str+6 Stlth-} (You found it on level 6 of the Dungeon)
  8594 | D:6      | Reached skill level 8 in Long Blades
  8636 | D:6      | Reached XP level 9. HP: 77/81 MP: 13/13
  8740 | D:6      | Found an opulent altar of Gozag.
  9457 | D:7      | Gained mutation: You are weak. (Str -2) [mutagenic meat]
  9460 | D:7      | Lost mutation: You are weak. (Str -2) [mutagenic meat]
  9463 | D:7      | Gained mutation: You are resistant to electric shocks. (rElec) [mutagenic meat]
  9623 | D:8      | Noticed tstbtto's ghost (novice HEFi)
  9623 | D:8      | Reached skill level 9 in Long Blades
  9643 | D:8      | Killed tstbtto's ghost
  9855 | D:8      | Learned a level 1 spell: Apportation
 10099 | D:8      | Found a burning altar of Makhleb.
 10266 | D:8      | Reached skill level 10 in Long Blades
 10514 | D:8      | Found a stormy altar of Qazlal.
 10517 | D:8      | Found a sparkling altar of Nemelex Xobeh.
 10530 | D:8      | Found a glowing golden altar of the Shining One.
 10533 | D:8      | Found an iron altar of Okawaru.
 10557 | D:8      | Noticed Maurice
 10591 | D:8      | Found Nouguok's Antique Armour Boutique.
 10591 | D:8      | Killed Maurice
 10591 | D:8      | Reached XP level 10. HP: 80/91 MP: 15/15
 10830 | D:8      | Bought a shiny chain mail for 103 gold pieces
 10954 | D:9      | Found a radiant altar of Vehumet.
 11203 | D:9      | Reached skill level 11 in Long Blades
 11813 | D:9      | Found an ancient bone altar of Kikubaaqudgha.
 12267 | D:9      | Found a staircase to the Lair.
 12341 | D:10     | Entered Level 10 of the Dungeon
 13017 | D:10     | Noticed a hill giant
 13022 | D:10     | Killed a hill giant
 13046 | D:10     | Noticed a purple ugly thing
 13055 | D:10     | Killed a purple ugly thing
 13055 | D:10     | Reached skill level 12 in Long Blades
 13055 | D:10     | Reached skill level 1 in Dodging
 13327 | D:10     | Found a staircase to the Orcish Mines.
 13424 | D:10     | Reached XP level 11. HP: 92/99 MP: 16/16
 13717 | Orc:1    | Entered Level 1 of the Orcish Mines
 14894 | Orc:2    | Entered Level 2 of the Orcish Mines
 14934 | D:10     | Noticed a hill giant
 14940 | D:10     | Killed a hill giant
 15414 | Orc:2    | Found a staircase to the Elven Halls.
 15687 | Orc:2    | Noticed an orc knight
 15689 | Orc:2    | Noticed a swamp dragon
 15689 | Orc:2    | an orc knight changed into a swamp dragon
 15701 | Orc:2    | Noticed a shock serpent
 15701 | Orc:2    | a swamp dragon changed into a shock serpent
 15703 | Orc:2    | Noticed a ghost crab
 15703 | Orc:2    | a shock serpent changed into a ghost crab
 15714 | Orc:1    | Killed a ghost crab
 15714 | Orc:1    | Reached skill level 10 in Fighting
 15714 | Orc:1    | Reached skill level 5 in Armour
 16312 | Orc:1    | Noticed an orc knight
 16498 | Orc:2    | Found Tiaruaso's General Store.
 16506 | Orc:2    | Bought a scroll of magic mapping for 45 gold pieces
 16506 | Orc:2    | Bought a potion of curing for 39 gold pieces
 16735 | Orc:2    | Noticed an orc knight
 16861 | Orc:2    | Killed an orc knight
 17101 | Orc:2    | Noticed an orc knight
 17130 | Orc:2    | Killed an orc knight
 17610 | Orc:2    | Reached skill level 13 in Long Blades
 17679 | Orc:2    | Noticed an orc warlord
 17699 | Orc:2    | HP: 5/100 [orc warlord/war axe (23)]
 17712 | Orc:2    | Killed an orc warlord
 18007 | Orc:2    | Found Susmauc's Antique Weapon Boutique.
 18038 | Orc:2    | Bought a runed great sword for 175 gold pieces
 18111 | Orc:2    | Found Inofax's Antique Armour Boutique.
 18235 | Orc:2    | Noticed an orc high priest
 18261 | Orc:2    | Killed an orc high priest
 18261 | Orc:2    | Reached XP level 12. HP: 59/107 MP: 17/17
 18394 | Orc:2    | Noticed a stone giant
 18779 | Orc:1    | Killed a stone giant
 18990 | Orc:2    | Found Guicam's Jewellery Boutique.
 19159 | Orc:2    | Bought the amulet of the Priest {rPois rF+ Regen+} for 674 gold pieces
 19325 | Orc:2    | Paralysed by an orc sorcerer for 7 turns
 19699 | Orc:2    | Noticed a deep elf demonologist
 19710 | Orc:2    | Noticed a balrug
 19712 | Orc:2    | Killed a deep elf demonologist
 19750 | Orc:2    | Reached skill level 14 in Long Blades
 20152 | Lair:1   | Entered Level 1 of the Lair of Beasts
 20152 | Lair:1   | Noticed Gastronok
 20172 | D:9      | Killed Gastronok
 20421 | D:11     | Found a radiant altar of Vehumet.
 20481 | D:11     | Noticed Josephine
 20517 | D:11     | Killed Josephine
 20622 | D:11     | Reached skill level 5 in Dodging
 20624 | D:11     | Noticed Maud
 21334 | D:10     | Killed Maud
 21563 | D:12     | Noticed a seven-headed hydra
 21783 | D:12     | Reached XP level 13. HP: 116/116 MP: 19/19
 22108 | D:12     | Noticed Sonja
 22148 | D:12     | Killed Sonja
 23125 | D:13     | Found Igruaj's Armour Emporium.
 23136 | D:13     | Found Bionkasch's General Store.
 23269 | D:13     | Reached skill level 15 in Long Blades
 23276 | D:13     | Found a gate to the Vaults.
 23363 | D:13     | Gained mutation: Your spells are a little harder to cast, but a little more powerful. [mutagenic meat]
 23366 | D:13     | Gained mutation: You are partially covered in large bone plates. (AC +2, SH +2) [mutagenic meat]
 23369 | D:13     | Gained mutation: You expend magic power (3 MP) to strengthen your wands. [mutagenic meat]
 23428 | D:13     | Noticed Nessos
 23449 | D:13     | Killed Nessos
 23678 | D:13     | Found Gijih's General Store.
 23969 | D:14     | Noticed retryentry's ghost (journeyman DgFi)
 24397 | D:14     | HP: 5/116 [retryentry's ghost (12)]
 24402 | D:14     | Slain by retryentry's ghost

Vault maps used:
D:1:      ncdulo_smallfort
D:2:      nicolae_ashenzari_panopticon, lemuel_crystal_altar, first_bread,
          guppyfry_early_lair_pool, uniq_sigmund
D:3:      marbit_many_paths, ecumenical_altar_1, minivault_26,
          gammafunk_pakellas_cloud_experiment
D:5:      old_standard_altar, uniq_pikel, uniq_duvessa
D:6:      nicolae_gozag_cash_rules_everything_around_me
D:8:      lemuel_round_altar, grunt_temple_overflow_cloverleaf, serial_shops,
          nicolae_shop_waterfront, uniq_maurice
D:9:      vehumet_altar_wand_db, david_lair_shrubbed, basic_altar,
          david_nohive_1
D:10:     orc_0_dummy, st_stairs_5
D:11:     serial_column_ruins, column_ruins_hut_water,
          column_ruins_circle_medium, column_ruins_open_tiny,
          column_ruins_columns_corner, column_ruins_open_small,
          column_ruins_corridor_straight, column_ruins_open_tiny,
          lemuel_altar_in_water2, uniq_maud, uniq_josephine
D:12:     uniq_sonja
D:13:     david_vaults_2, serial_shops, shop, nicolae_shop_crystal, shop_statue,
          hangedman_glass_teeth, uniq_nessos
D:14:     minmay_misc_feat_tower
Lair:1:   dpeg_stationary_puzzle, uniq_gastronok, uniq_joseph
Orc:2:    grunt_orc_gardens, grunt_orc_garden, grunt_orc_garden,
          grunt_orc_garden, grunt_orc_garden, nooodl_orcs_dogs

Skill      XL: |  1  2  3  4  5  6  7  8  9 10 11 12 13 |
---------------+----------------------------------------+-----
Fighting       | 3 4 5 6 7 8 9 10 11 | 11.4
Long Blades    | 2 3 4 5 6 8 10 12 13 14 15 | 15.4
Evocations     | 2 3 |  3.3
Armour         | 4 6 8 9 |  9.1
Dodging        | 1 3 5 6 |  6.0
Shields        | |  2.6

Action                   |  1- 3 |  4- 6 |  7- 9 | 10-12 | 13-15 || total
-------------------------+-------+-------+-------+-------+-------++-------
Melee: Long sword        |   175 |    59 |       |       |       ||   234
       Falchion          |       |   209 |   244 |       |       ||   453
       Dagger            |       |       |    33 |       |       ||    33
       Scimitar          |       |       |    13 |       |       ||    13
       Great sword       |       |       |   222 |  1250 |   408 ||  1880
       Unarmed           |       |       |     7 |       |       ||     7
Throw: Tomahawk          |       |     1 |     1 |       |       ||     2
       Throwing net      |       |       |       |       |     1 ||     1
Evoke: Rod               |       |       |     4 |       |       ||     4
       Wand              |       |       |       |    31 |     2 ||    33
  Use: Potion            |     3 |     1 |       |     5 |       ||     9
       Scroll            |       |     3 |    10 |     4 |     1 ||    18
  Eat: Chunk             |     4 |    11 |    23 |    36 |    10 ||    84
       Pizza             |       |       |     1 |     1 |       ||     2
       Beef jerky        |       |       |     2 |       |     2 ||     4
Armor: Scale mail        |    69 |    72 |    22 |       |       ||   163
       Skin              |       |     7 |     1 |       |       ||     8
       Plate armour      |       |       |   252 |   353 |   230 ||   835
       Chain mail        |       |       |       |   290 |       ||   290
Dodge: Dodged            |    44 |    47 |    80 |   383 |   131 ||   685
Block: Shield            |    88 |   111 |   119 |       |       ||   318
       Other             |       |       |       |       |     3 ||     3
